cohdb
Replays
Latest Replays
All Replays
Popular Replays
Top Player Replays
Match Explorer
How It Works
Community
CoH3 Stats
Reddit
Sign in to upload your games and track your stats! →
Sign in with Steam
Match 40231080
Unlisted
Match 40231080
Overview
Messages
Build Orders
End
Kradschützen Motorcycle Team
Panzergrenadier Squad
Panzergrenadier Squad
Construct Light Support Kompanie
250 Light Carrier
Combat Half-tracks
Selects Battlefield Espionage Battlegroup
Selects Sector Subterfuge Beacon
Selects Transfer Depots
Construct Mechanized Kompanie
Veteran Squad Leaders
Panzergrenadier Squad
8 Rad Armored Car
Vehicle Survival Package
Panzerjäger Mechanized Group
Support Armor Elements
Selects 250/3 Funkpanzerwagen
Selects Anti-Tank Incendiary Munitions
StuG III D Assault Gun
Emergency Repair Kits
Rapid Advance
StuG III D Assault Gun
Pak 38 Mechanized Group
18-tonne Recovery Half-track
Myron
Fatal Thoughts
Lyco
NotQuiteAKing
0
0
Comments
sign in to comment!
No comments posted yet!